 Dungeon Crawl Stone Soup version 0.26-a0-812-g31a745ddcd (webtiles) character file.

Game seed: 9886905570063522743

337 nicanaca0 the Chiller (level 6, 0/34 HPs)
             Began as a Gargoyle Ice Elementalist on Nov 23, 2020.
             Slain by Grinder (2 damage)
             ... on level 4 of the Dungeon.
             The game lasted 00:05:34 (3333 turns).

nicanaca0 the Chiller (Gargoyle Ice Elementalist)   Turns: 3333, Time: 00:05:34

Health: 0/34       AC:  9    Str: 11    XL:     6   Next: 54%
Magic:  9/20       EV: 12    Int: 18    God:
Gold:   164        SH:  0    Dex: 10    Spells: 8/12 levels left

rFire    + . .     SeeInvis .   a - +0 hand axe (vamp)
rCold    . . .     Faith    .   (no shield)
rNeg     + . .     Spirit   .   o - +2 robe {MR+}
rPois    ∞         Reflect  .   (no helmet)
rElec    +         Harm     .   (no cloak)
rCorr    .         Rampage  .   (no gloves)
MR       +....                  s - +0 pair of boots
Stlth    ++........             (no amulet)
HPRegen  0.11/turn              g - ring of magical power
MPRegen  0.17/turn              l - ring of protection from fire

@: brilliant, attractive, flying, very slightly contaminated, hasted, very quick
A: negative energy resistance 1, electricity resistance, unbreathing,
petrification resistance, rot immunity, AC +4
a: no special abilities


You were on level 4 of the Dungeon.
You visited 1 branch of the dungeon, and saw 4 of its levels.

You collected 164 gold pieces.

Inventory:

Hand Weapons
 a - a +0 vampiric hand axe (weapon)
 b - a +0 hunting sling
 q - a +0 war axe
Missiles
 d - 9 poisoned darts (quivered)
 e - 112 stones
 f - 62 sling bullets
 r - a throwing net
 t - 4 silver boomerangs
Armour
 o - a +2 robe of magic resistance (worn)
 s - a +0 pair of boots (worn)
Jewellery
 g - a ring of magical power (left hand)
 l - a ring of protection from fire (right hand)
Scrolls
 c - 6 scrolls of identify {unknown}
 j - a scroll of enchant weapon {unknown}
 k - 2 scrolls of random uselessness {unknown}
 n - 2 scrolls of blinking {unknown}
 u - 2 scrolls of teleportation {unknown}
 v - a scroll of fog {unknown}
 x - a scroll of remove curse {unknown}
Potions
 m - a potion of flight
 w - a potion of curing {unknown}


   Skills:
 + Level 1.5 Fighting
 - Level 2.1 Dodging
 - Level 3.0 Stealth
 + Level 3.6 Spellcasting
 * Level 6.0 Ice Magic


You had 8 spell levels left.
You knew the following spells:

 Your Spells              Type           Power        Failure   Level
a - Freeze                Ice            ####         1%          1
b - Frozen Ramparts       Ice            #####.       3%          3

Your spell library contained the following spells:

 Spells                   Type           Power        Failure   Level
 Ozocubu's Armour         Ice            #####...     3%          3
 Hailstorm                Conj/Ice       ###.....     41%         4
 Summon Ice Beast         Ice/Summ       ###.....     41%         4


Dungeon Overview and Level Annotations

Branches:
Dungeon (4/15)
 Temple: D:4-7

Altars:
Fedhas

Annotations:
D:4 Grinder


Innate Abilities, Weirdness & Mutations

You are resistant to torment.
Your stone body is resilient. (AC +4)
You are immune to poison.
You resist negative energy. (rN+)
You are resistant to electric shocks. (rElec)
You can survive without breathing.
You are immune to petrification.
You are immune to rotting.


Message History

The wall freezes Grinder but do no damage.
It was a potion of attraction.
You feel attractive to monsters. Grinder is pulled toward you!
Grinder completely resists.
The wall freezes Grinder but do no damage.
Grinder hits you but does no damage.
You hit Grinder.
Grinder is severely wounded.
The frozen ramparts melt away.
Grinder hits you but does no damage.
Casting: Frozen Ramparts (dangerous; 3% risk of failure)
Confirm with . or Enter, or press ? or * to list all spells.
You miscast Frozen Ramparts.
You are very lightly contaminated with residual magic.
Nothing appears to happen.
It was a potion of brilliance.
You feel clever all of a sudden. Grinder hits you.
* * * LOW HITPOINT WARNING * * *
You writhe in agony.
You die...

## #.# #.#[ . # .# #.#
#.#.#. . .# ##.## #.#..#
.# .# #...# #.##.# .# .#
#...# #.##.##.### .# #..>#
#........(# #
.####...######.........#..
............##.##.........
............(.)5@)........
........)...##.##.........
.####...######.#...#...#..
.# #...# #.#.÷.#...# # ##
##.†.### #.......###
#......# ####.####
#......# ####.#######
#.#.##.# #.......##.##
#.#..#.# #.##.##.#...##


You could see Grinder (poisoned).

Vanquished Creatures
  2 orc wizards (D:4)
  Jessica (D:2)
  Terence (D:2)
  A worker ant (D:4)
  A hound skeleton (D:2)
  3 gnolls (D:3)
  8 adders
  An ooze (D:2)
  An adder skeleton (D:4)
  2 worms
  2 dart slugs
  2 leopard geckos
  6 orcs
  6 bats
  5 giant cockroaches
  8 goblins
  9 hobgoblins
  3 quokkas
  A ball python (D:2)
  4 frilled lizards
  3 kobolds
  9 rats
79 creatures vanquished.

Notes
Turn   | Place    | Note
-------+----------+-------------------------------------------
     0 | D:1      | nicanaca0 the Gargoyle Ice Elementalist began the quest for
                  | the Orb.
     0 | D:1      | Reached XP level 1. HP: 10/10 MP: 3/3
   173 | D:1      | Reached XP level 2. HP: 13/15 MP: 3/5
   889 | D:2      | Reached XP level 3. HP: 19/19 MP: 4/6
   897 | D:2      | Learned a level 3 spell: Frozen Ramparts
  1374 | D:2      | Noticed Terence
  1392 | D:2      | Killed Terence
  1392 | D:2      | Reached XP level 4. HP: 13/24 MP: 8/8
  1747 | D:2      | Found a blossoming altar of Fedhas.
  1879 | D:2      | Noticed Jessica
  1889 | D:2      | Killed Jessica
  1889 | D:2      | Reached skill level 5 in Ice Magic
  1889 | D:2      | Reached XP level 5. HP: 28/28 MP: 9/9
  3037 | D:4      | Reached XP level 6. HP: 33/33 MP: 11/11
  3094 | D:4      | Reached skill level 1 in Fighting
  3296 | D:4      | Reached skill level 6 in Ice Magic
  3298 | D:4      | Noticed Grinder
  3333 | D:4      | Slain by Grinder

Illustrated notes

Levels and vault maps discovered:
D:1:      dpeg_arrival_shelter, layout_basic, st_stairs_9
D:2:      layout_loops_ring, fedhas_altar_fruit_tree, uniq_terence, uniq_jessica
D:3:      layout_loops_cross, minmay_tree_intersection
D:4:      layout_loops_cross, uniq_grinder

Skill      XL: |  1  2  3  4  5  6 |
---------------+-------------------+-----
Dodging        | 2 |  2.1
Stealth        | 3 |  3.0
Ice Magic      | 5 6 |  6.0
Spellcasting   | 3 |  3.6
Fighting       | 1 |  1.5

Action                   |  1- 3 |  4- 6 || total
-------------------------+-------+-------++-------
Melee: Hand axe          |    24 |    54 ||    78
Throw: Dart              |       |     5 ||     5
 Cast: Freeze            |    47 |    71 ||   118
       Frozen Ramparts   |     1 |     3 ||     4
  Use: Potion            |       |     4 ||     4
 Stab: Sleeping          |       |     3 ||     3
Armor: Robe              |    25 |    44 ||    69
Dodge: Dodged            |    44 |    67 ||   111

Table legend: (Time is in decaauts)
 A = Elapsed time spent in this place.
 B = Non-inter-level travel time spent in this place.
 C = Inter-level travel time spent in this place.
 D = Time resting spent in this place.
 E = Time spent auto-exploring this place.
 F = Levels seen in this place.
 G = Mean time per level.
                   A        B        C        D        E       F      G
               +--------+--------+--------+--------+--------+-----+--------+
         Total |   3357 |   3265 |     92 |    170 |   2462 |   4 |  839.2 |
       Dungeon |   3357 |   3265 |     92 |    170 |   2462 |   4 |  839.2 |
               +--------+--------+--------+--------+--------+-----+--------+

Top non-repeatable levels by time:
     D:2: 1084 daAuts
     D:3: 908 daAuts
     D:1: 873 daAuts
     D:4: 490 daAuts
